PBL
PORTLAND ANGELS @ MADISON BREWERS
10/12/2048
 
TOP OF THE 1ST
Colorado Avalanche batting - Pitching for Americus Braves : RHP Fabio Vos
Pitching: RHP Fabio Vos
Batting: LHB Robert Watson 0-0: Called Strike
0-1: Foul Ball, location: 2F
0-2: Strikes out looking
Batting: LHB Mark Von Behren 0-0: Called Strike
0-1: Fly out, F5 (Popup, 25, EV 89.4 MPH)
Batting: LHB Eric Haffer 0-0: Called Strike
0-1: Foul Ball, location: 2F
0-2: Foul Ball, location: 2F
0-2: Ball
1-2: Ground out 6-3 (Groundball, 6, EV 101.3 MPH)
Top of the 1st over - 0 runs, 0 hits, 0 errors, 0 left on base; Colorado 0 - Americus 0
BOTTOM OF THE 1ST
Americus Braves batting - Pitching for Colorado Avalanche : RHP Dave Quintero
Pitching: RHP Dave Quintero
Batting: RHB Jose Restrepo 0-0: Called Strike
0-1: Ball
1-1: Ball
2-1: SINGLE (Groundball, 34S, EV 80.0 MPH) (infield hit)
Batting: RHB Ray Hubbard 0-0: Ball
1-0: Ball
2-0: Called Strike
2-1: Foul Ball, location: 2F
2-2: Strikes out swinging
Batting: LHB Rafael Ortega 0-0: Foul Ball, location: 2F
0-1: Foul Ball, location: 2F
0-2: Ball
1-2: Foul Ball, location: 2F
1-2: Ball
2-2: Ball
3-2: Fly out, F6 (Popup, 56D, EV 43.1 MPH)
Batting: RHB Mike Beavers 0-0: Ball
1-0: Foul Ball, location: 2F
1-1: Ball
2-1: Fielders Choice at 2nd, 5-4 (Groundball, 56, EV 95.0 MPH)
Bottom of the 1st over - 0 runs, 1 hit, 0 errors, 1 left on base; Colorado 0 - Americus 0
TOP OF THE 2ND
Colorado Avalanche batting - Pitching for Americus Braves : RHP Fabio Vos
Batting: RHB Dylan Appeldoorn 0-0: Ball
1-0: Called Strike
1-1: DOUBLE (Line Drive, 7LM, EV 112.5 MPH)
Batting: LHB Justin James 0-0: SINGLE (Line Drive, 3L, EV 98.1 MPH)
Dylan Appeldoorn to third
Batting: RHB Ricardo Ortiz 0-0: Ball
Justin James steals 2nd base (no throw)
1-0: Fly out, F7 (Flyball, 78M, EV 87.5 MPH)
Runner from 3rd tags up, SCORES, throw by LF
Justin James to third
Batting: SHB In-sung Lee 0-0: Called Strike
0-1: Ball
1-1: Ball
2-1: Fly out, F9 (Flyball, 9LM, EV 101.3 MPH)
Runner from 3rd tags up, SCORES, no throw by RF
Batting: RHB Mike Roberts 0-0: Ball
1-0: Called Strike
1-1: Ball
2-1: Foul Ball, location: 2F
2-2: Strikes out swinging
Top of the 2nd over - 2 runs, 2 hits, 0 errors, 0 left on base; Colorado 2 - Americus 0
BOTTOM OF THE 2ND
Americus Braves batting - Pitching for Colorado Avalanche : RHP Dave Quintero
Batting: LHB Sergio Corona 0-0: Called Strike
0-1: Swinging Strike
0-2: Ball
1-2: Hit by Pitch
Batting: RHB Ryuzo Nakano 0-0: Ball
1-0: DOUBLE (Line Drive, 89XD, EV 96.3 MPH)
Sergio Corona to third
Batting: RHB Casey Spires 0-0: Ball
1-0: Ball
2-0: Called Strike
2-1: Foul Ball, location: 2F
2-2: Foul Ball, location: 2F
2-2: Foul Ball, location: 2F
2-2: SINGLE (Groundball, 6MD, EV 98.1 MPH)
Sergio Corona scores
Ryuzo Nakano to third
Batting: RHB Jose Trevino 0-0: Foul Ball, location: 2F
0-1: Swinging Strike
0-2: Ball
1-2: Hit by Pitch
Casey Spires to second
Batting: RHB Fabio Vos 0-0: SINGLE (Groundball, 4M, EV 81.3 MPH) (infield hit)
Ryuzo Nakano scores
Casey Spires to third
Jose Trevino to second
Batting: RHB Jose Restrepo 0-0: Ball
1-0: Called Strike
1-1: Ball
2-1: Fly out, F9 (Flyball, 9LS, EV 91.3 MPH)
Batting: RHB Ray Hubbard 0-0: GRAND SLAM HOME RUN (Flyball, 7D, EV 108.1 MPH), Distance : 397 ft
Batting: LHB Rafael Ortega 0-0: Ball
1-0: Swinging Strike
1-1: Swinging Strike
1-2: Ball
2-2: Foul Ball, location: 2F
2-2: SINGLE (Line Drive, 78S, EV 93.1 MPH)
Pitching: RHP Edgar Villarreal
Batting: RHB Mike Beavers 0-0: Ball
1-0: Ball
2-0: Fielders Choice at 2nd, 1-6 (Groundball, 13S, EV 71.9 MPH)
Batting: LHB Sergio Corona 0-0: Ball
1-0: Called Strike
1-1: Called Strike
1-2: Strikes out looking
Bottom of the 2nd over - 6 runs, 5 hits, 0 errors, 1 left on base; Colorado 2 - Americus 6
TOP OF THE 3RD
Colorado Avalanche batting - Pitching for Americus Braves : RHP Fabio Vos
Batting: LHB Edgar Villarreal 0-0: Called Strike
0-1: Foul Ball, location: 2F
0-2: Foul Ball, location: 2F
0-2: Ball
1-2: Ball
2-2: Strikes out looking
Batting: LHB Robert Watson 0-0: Ball
1-0: Called Strike
1-1: Ball
2-1: Ball
3-1: Swinging Strike
3-2: Strikes out swinging
Batting: LHB Mark Von Behren 0-0: Ball
1-0: Ball
2-0: Ball
3-0: Called Strike
3-1: Swinging Strike
3-2: Strikes out looking
Top of the 3rd over - 0 runs, 0 hits, 0 errors, 0 left on base; Colorado 2 - Americus 6
BOTTOM OF THE 3RD
Americus Braves batting - Pitching for Colorado Avalanche : RHP Edgar Villarreal
Batting: RHB Ryuzo Nakano 0-0: Called Strike
0-1: Swinging Strike
0-2: Strikes out swinging
Batting: RHB Casey Spires 0-0: Foul Ball, location: 2F
0-1: Foul Ball, location: 2F
0-2: Strikes out swinging
Batting: RHB Jose Trevino 0-0: Fly out, F9 (Flyball, 89D, EV 108.8 MPH)
Bottom of the 3rd over - 0 runs, 0 hits, 0 errors, 0 left on base; Colorado 2 - Americus 6
TOP OF THE 4TH
Colorado Avalanche batting - Pitching for Americus Braves : RHP Fabio Vos
Batting: LHB Eric Haffer 0-0: Ball
1-0: Ball
2-0: Ball
3-0: Base on Balls
Batting: RHB Dylan Appeldoorn 0-0: Ball
1-0: Swinging Strike
1-1: Swinging Strike
1-2: Ball
2-2: Strikes out looking
Batting: LHB Justin James 0-0: Called Strike
0-1: Foul Ball, location: 2F
0-2: SINGLE (Groundball, 4S, EV 68.8 MPH) (infield hit)
Eric Haffer to second
Batting: RHB Ricardo Ortiz 0-0: Called Strike
0-1: Ball
1-1: Ball
2-1: 3-RUN HOME RUN (Flyball, 7D, EV 107.5 MPH), Distance : 385 ft
Batting: SHB In-sung Lee 0-0: Ball
1-0: Foul Ball, location: 2F
1-1: Swinging Strike
1-2: Strikes out swinging
Batting: RHB Mike Roberts 0-0: Called Strike
0-1: Ball
1-1: Ball
2-1: Called Strike
2-2: Ball
3-2: Fly out, F8 (Flyball, 8LD, EV 101.3 MPH)
Top of the 4th over - 3 runs, 2 hits, 0 errors, 0 left on base; Colorado 5 - Americus 6
BOTTOM OF THE 4TH
Americus Braves batting - Pitching for Colorado Avalanche : RHP Edgar Villarreal
Batting: RHB Fabio Vos 0-0: Foul Ball, location: 2F
0-1: Foul Ball, location: 2F
0-2: Ball
1-2: Strikes out swinging
Batting: RHB Jose Restrepo 0-0: Swinging Strike
0-1: Swinging Strike
0-2: Foul Ball, location: 2F
0-2: Strikes out looking
Batting: RHB Ray Hubbard 0-0: Called Strike
0-1: Ball
1-1: Ball
2-1: Ball
3-1: Swinging Strike
3-2: Foul Ball, location: 2F
3-2: Ground out 5-3 (Groundball, 5S, EV 72.5 MPH)
Bottom of the 4th over - 0 runs, 0 hits, 0 errors, 0 left on base; Colorado 5 - Americus 6
TOP OF THE 5TH
Colorado Avalanche batting - Pitching for Americus Braves : RHP Fabio Vos
Batting: LHB Edgar Villarreal 0-0: Ground out 4-3 (Groundball, 4M, EV 86.3 MPH)
Batting: LHB Robert Watson 0-0: Called Strike
0-1: Bunt missed!
0-2: Ball
1-2: Strikes out looking
Batting: LHB Mark Von Behren 0-0: Swinging Strike
0-1: Foul Ball, location: 2F
0-2: Strikes out swinging
Top of the 5th over - 0 runs, 0 hits, 0 errors, 0 left on base; Colorado 5 - Americus 6
BOTTOM OF THE 5TH
Americus Braves batting - Pitching for Colorado Avalanche : RHP Edgar Villarreal
Batting: LHB Rafael Ortega 0-0: Called Strike
0-1: Called Strike
0-2: Strikes out swinging
Batting: RHB Mike Beavers 0-0: Ball
1-0: Fly out, F9 (Flyball, 89M, EV 86.9 MPH)
Batting: LHB Sergio Corona 0-0: Called Strike
0-1: Swinging Strike
0-2: Foul Ball, location: 2F
0-2: Foul Ball, location: 2F
0-2: Ball
1-2: Ball
2-2: Ground out 4-3 (Groundball, 34D, EV 87.5 MPH)
Bottom of the 5th over - 0 runs, 0 hits, 0 errors, 0 left on base; Colorado 5 - Americus 6
TOP OF THE 6TH
Colorado Avalanche batting - Pitching for Americus Braves : RHP Fabio Vos
Batting: LHB Eric Haffer 0-0: Called Strike
0-1: Ball
1-1: Foul Ball, location: 2F
1-2: Ground out 5-3 (Groundball, 5, EV 105.0 MPH)
Pitching: RHP Jason Andrews
Now in RF: Mike Bryson
Batting: RHB Dylan Appeldoorn 0-0: Ball
1-0: Ball
2-0: Called Strike
2-1: Foul Ball, location: 2F
2-2: Strikes out looking
Batting: LHB Justin James 0-0: Called Strike
0-1: Ball
1-1: Called Strike
1-2: Ball
2-2: Ball
3-2: TRIPLE (Line Drive, 89XD, EV 103.1 MPH)
Batting: RHB Ricardo Ortiz 0-0: Ball
1-0: Called Strike
1-1: Foul Ball, location: 2F
1-2: Foul Ball, location: 2F
1-2: Ball
2-2: Fly out, F9 (Line Drive, 9, EV 93.8 MPH)
Top of the 6th over - 0 runs, 1 hit, 0 errors, 1 left on base; Colorado 5 - Americus 6
BOTTOM OF THE 6TH
Americus Braves batting - Pitching for Colorado Avalanche : RHP Edgar Villarreal
Batting: RHB Ryuzo Nakano 0-0: Called Strike
0-1: Foul Ball, location: 2F
0-2: Ball
1-2: Strikes out looking
Batting: RHB Casey Spires 0-0: TRIPLE (Flyball, 78XD, EV 98.1 MPH)
Pitching: RHP Carlos Garza
Now at SS: Steve Lawrence
Batting: RHB Jose Trevino 0-0: Called Strike
0-1: Ball
1-1: SINGLE (Line Drive, 56D, EV 95.0 MPH)
Casey Spires scores
Batting: RHB Mike Bryson 0-0: Called Strike
0-1: Fielders Choice at 2nd, 1-4 (Groundball, P, EV 81.3 MPH)
Batting: RHB Jose Restrepo 0-0: Ball
1-0: Ball
2-0: Fielders Choice at 2nd, 5-4 (Groundball, 56, EV 105.6 MPH)
Bottom of the 6th over - 1 run, 2 hits, 0 errors, 1 left on base; Colorado 5 - Americus 7
TOP OF THE 7TH
Colorado Avalanche batting - Pitching for Americus Braves : RHP Jason Andrews
Pitching: RHP Alfonso Alvarado
Batting: SHB In-sung Lee 0-0: Ball
1-0: Foul Ball, location: 2F
1-1: Called Strike
1-2: Strikes out swinging
Batting: RHB Mike Roberts 0-0: Ground out 4-3 (Groundball, 4M, EV 101.9 MPH)
Pinch Hitting: RHB Jorge Rubio 0-0: Called Strike
0-1: Foul Ball, location: 2F
0-2: Strikes out swinging
Top of the 7th over - 0 runs, 0 hits, 0 errors, 0 left on base; Colorado 5 - Americus 7
BOTTOM OF THE 7TH
Americus Braves batting - Pitching for Colorado Avalanche : RHP Carlos Garza
Pitching: RHP Bobby Salgado
Batting: RHB Ray Hubbard 0-0: Called Strike
0-1: Called Strike
0-2: Strikes out swinging
Batting: LHB Rafael Ortega 0-0: Foul Ball, location: 2F
0-1: Ball
1-1: Fly out, F7 (Flyball, 78D, EV 103.1 MPH)
Batting: RHB Mike Beavers 0-0: Ball
1-0: Foul Ball, location: 2F
1-1: Called Strike
1-2: Strikes out swinging
Bottom of the 7th over - 0 runs, 0 hits, 0 errors, 0 left on base; Colorado 5 - Americus 7
TOP OF THE 8TH
Colorado Avalanche batting - Pitching for Americus Braves : RHP Alfonso Alvarado
Batting: LHB Robert Watson 0-0: Called Strike
0-1: Ball
1-1: Foul Ball, location: 2F
1-2: Strikes out swinging
Batting: LHB Mark Von Behren 0-0: Swinging Strike
0-1: Ball
1-1: Ball
2-1: Ball
3-1: Swinging Strike
3-2: Strikes out swinging
Batting: LHB Eric Haffer 0-0: Swinging Strike
0-1: Called Strike
0-2: Ball
1-2: Ball
2-2: Ball
3-2: Base on Balls
Batting: RHB Dylan Appeldoorn 0-0: Swinging Strike
0-1: Foul Ball, location: 2F
0-2: Ball
1-2: Strikes out swinging
Top of the 8th over - 0 runs, 0 hits, 0 errors, 1 left on base; Colorado 5 - Americus 7
BOTTOM OF THE 8TH
Americus Braves batting - Pitching for Colorado Avalanche : RHP Bobby Salgado
Pinch Hitting: RHB Jose Copado 0-0: Ball
1-0: Ball
2-0: Ball
3-0: Called Strike
3-1: Fly out, F7 (Flyball, 7D, EV 87.5 MPH)
Batting: RHB Ryuzo Nakano 0-0: Ball
1-0: Ball
2-0: Foul Ball, location: 2F
2-1: Ball
3-1: DOUBLE (Line Drive, 89M, EV 111.9 MPH)
Pitching: RHP Mario Macario
Batting: RHB Casey Spires 0-0: Called Strike
0-1: Fly out, F8 (Flyball, 8LM, EV 84.4 MPH)
Batting: RHB Jose Trevino 0-0: Ball
1-0: Called Strike
1-1: Swinging Strike
1-2: Ball
2-2: Foul Ball, location: 2F
2-2: Ball
3-2: Foul Ball, location: 2F
3-2: Foul Ball, location: 2F
3-2: Strikes out looking
Bottom of the 8th over - 0 runs, 1 hit, 0 errors, 1 left on base; Colorado 5 - Americus 7
TOP OF THE 9TH
Colorado Avalanche batting - Pitching for Americus Braves : RHP Alfonso Alvarado
Pitching: RHP Tony Acevedo
Now at 3B: Mike Hines
Batting: LHB Justin James 0-0: Called Strike
0-1: Ball
1-1: Hit by Pitch
Pinch Hitting: LHB Michael Ohana 0-0: Foul Ball, location: 2F
0-1: Called Strike
0-2: Foul Ball, location: 2F
0-2: Strikes out swinging
Pinch Hitting: RHB Arend Sandstrod 0-0: Ball
1-0: Ball
2-0: Called Strike
2-1: Swinging Strike
2-2: Ball
3-2: Foul Ball, location: 2F
3-2: Strikes out swinging
Pinch Hitting: RHB Jesus Marquez 0-0: Called Strike
0-1: Fly out, F8 (Line Drive, 8RD, EV 94.4 MPH)
Top of the 9th over - 0 runs, 0 hits, 0 errors, 1 left on base; Colorado 5 - Americus 7
Tuesday, March 28th , 2023 - OOTP Baseball 23.10 Build 110